 Dungeon Crawl Stone Soup version 0.25.1-2-g60ff931df9 (webtiles) character file.

Game seed: 4521625731047441268

16592 Arthanis the Cleaver (level 12, -20/120 HPs)
             Began as a Gargoyle Berserker on Nov 5, 2020.
             Was a High Priest of Trog.
             Killed from afar by a frost giant (49 damage)
             ... with a bolt of cold
             ... in an ice cave.
             The game lasted 00:17:48 (11256 turns).

Arthanis the Cleaver (Gargoyle Berserker)          Turns: 11256, Time: 00:17:48

Health: -20/120    AC: 26    Str: 22    XL:     12   Next: 39%
Magic:  15/15      EV:  3    Int: 12    God:    Trog [*****.]
Gold:   960        SH: 14    Dex:  9    Spells: 11/11 levels left

rFire    . . .     SeeInvis +   b - +1 hand axe (elec)
rCold    . . .     Gourm    .   p - +0 tower shield
rNeg     + . .     Faith    .   H - +0 plate armour
rPois    ∞         Spirit   .   x - +0 helmet
rElec    +         Reflect  .   l - +0 cloak
rCorr    .         Harm     .   t - +0 pair of gloves
MR       +++..                  (no boots)
Stlth    ..........             (no amulet)
HPRegen  1.30/turn              y - ring of protection from magic
MPRegen  0.14/turn              j - ring of see invisible

@: berserking, regenerating, very quick
A: negative energy resistance 1, electricity resistance, unbreathing,
petrification resistance, rot immunity, AC +8
a: Berserk, Trog's Hand, Brothers in Arms, Renounce Religion


You were in an ice cave.
You worshipped Trog.
Trog was extremely pleased with you.
You were not hungry.

You visited 1 branch of the dungeon, and saw 11 of its levels.
You also visited: Sewer, Ossuary and Ice Cave.

You collected 960 gold pieces.

Inventory:

Hand Weapons
 a - a +3 antimagic broad axe
 b - a +1 hand axe of electrocution (weapon)
 q - a +0 trident
 v - the +7 whip "Murmur" {vorpal, *Rage Int+4}
   (You found it on level 4 of the Dungeon)

   It inflicts extra damage upon your enemies.
   It affects your intelligence (+4).
   It may make you go berserk in combat.
 K - a +0 hand axe
 W - a +2 dagger of venom
Armour
 l - a +0 cloak (worn)
 m - a +3 ring mail of positive energy
 p - a +0 tower shield (worn)
 t - a +0 pair of gloves (worn)
 x - a +0 helmet (worn)
 D - a +0 animal skin
 H - a +0 plate armour (worn)
 T - the +0 hat of Dunucsid {rF+}
   (You found it on level 10 of the Dungeon)

   It protects you from fire.
Jewellery
 j - a ring of see invisible (right hand)
 y - a ring of protection from magic (left hand)
 I - an uncursed ring of flight
 S - a +6 ring of intelligence
Wands
 C - a wand of flame (25)
 J - a wand of iceblast (30)
 Q - a wand of enslavement (19)
 U - a wand of digging (8)
 V - a wand of disintegration (13)
Scrolls
 e - 3 scrolls of teleportation
 g - a scroll of noise
 h - 4 scrolls of magic mapping
 n - 6 scrolls of amnesia
 o - 5 scrolls of remove curse
 r - 2 scrolls of enchant weapon
 z - a scroll of blinking {unknown}
 A - 5 scrolls of fear {unknown}
 E - a scroll of fog {unknown}
 F - a scroll of holy word {unknown}
 L - a scroll of vulnerability {unknown}
 N - a scroll of enchant armour {unknown}
Potions
 d - 4 potions of brilliance {unknown}
 f - 2 potions of degeneration
 i - 3 potions of magic
 k - 6 potions of curing
 s - 2 potions of stabbing {unknown}
 u - 4 potions of resistance {unknown}
 w - 6 potions of flight {unknown}
 B - 2 potions of haste {unknown}
 G - 3 potions of might
 M - a potion of cancellation {unknown}
 O - 3 potions of heal wounds {unknown}
 P - 2 potions of mutation {unknown}
 R - 2 potions of lignification {unknown}
Comestibles
 c - 17 rations


   Skills:
 + Level 11.5 Fighting
 * Level 13.1 Axes
 - Level 8.0 Armour
 - Level 2.0 Dodging
 - Level 4.0 Shields
 - Level 4.1 Evocations


You had 11 spell levels left.
You didn't know any spells.
Your spell library was empty.

Dungeon Overview and Level Annotations

Branches:
Dungeon (11/15)            Temple (0/1) D:7            Lair (0/6) D:10
    Orc (0/2) D:10          Sewer (visited)         Ossuary (visited)
  IceCv (1/1)

Altars:
Ashenzari
Dithmenos
Fedhas
Gozag
Makhleb
Nemelex Xobeh
Okawaru
Sif Muna
Wu Jian
Yredelemnul
The Shining One

Shops:
D:6 *   D:9 }


Innate Abilities, Weirdness & Mutations

You are resistant to torment.
Your stone body is resilient. (AC +8)
You are immune to poison.
You resist negative energy. (rN+)
You are resistant to electric shocks. (rElec)
You can survive without breathing.
You are immune to petrification.
You are immune to rotting.


Message History

You block the wolf's attack.
Your skin crawls.
You feel resistant to hostile enchantments.
You feel somewhat more hungry. You block the wolf's attack.
You eat one of the 18 rations.
That ration really hit the spot!
The wolf bites you but does no damage. The frost giant casts a spell at you.
The bolt of cold hits you!! The wolf bites you.
A red film seems to cover your vision as you go berserk!
You feel yourself moving faster!
You feel mighty!
You feel a lot more hungry. The wolf bites you.
The frost giant casts a spell at you. The bolt of cold hits you!!
* * * LOW HITPOINT WARNING * * *
You hit the frost giant.
The frost giant is almost dead.
You miss the wolf. You block the wolf's attack.
The frost giant points at you and mumbles some strange words.
The bolt of cold hits you!!!
You die...

##### ####### #hCh####
####......
#h..#@...####.....#...
...YYh####...#....#######
....hh ###....### # .....
###### #.... ##.. #..


You could see a frost giant and 2 wolves.

Vanquished Creatures
  Snorg (D:10)
  Harold (D:8)
  A two-headed ogre (D:10)
  2 death yaks
  Nergalle (D:10)
  An unseen horror (D:9)
  An ugly thing (D:11)
  Joseph (D:7)
  An ice statue (IceCv)
  A komodo dragon (D:11)
  A troll (D:10)
  13 polar bears (IceCv)
  Grinder (D:5)
  2 hippogriffs
  A spriggan (D:7)
  10 yaks
  A hungry ghost (D:10)
  A steam dragon (D:9)
  A soldier ant (D:11)
  An acid dragon (D:11)
  Duvessa (D:7)
  A black bear (D:9)
  6 orc warriors
  A sky beast (D:7)
  4 ice beasts
  Purgy (Sewer)
  6 wolves (IceCv)
  5 centaurs
  3 ogres
  A phantom (D:7)
  Blork the orc (D:4)
  5 bullfrogs
  Dowan (D:7)
  3 scorpions
  4 wights (D:10)
  3 howler monkeys
  7 crimson imps
  4 jellies
  14 orc wizards
  9 orc priests
  3 bullfrog skeletons
  A bullfrog zombie (D:8)
  4 centaur skeletons
  2 hounds
  Terence (D:2)
  4 iguanas
  6 worker ants
  A big kobold zombie (Ossuary)
  A centaur simulacrum (D:11)
  2 hound zombies
  8 mummies (Ossuary)
  8 gnolls
  6 adders
  A shadow imp (D:10)
  A white imp (D:11)
  2 oozes
  An adder skeleton (D:9)
  3 worms
  A dart slug (D:2)
  2 leopard geckos
  50 orcs
  10 bats
  5 giant cockroaches
  5 hobgoblins
  5 quokkas
  3 ball pythons (Sewer)
  7 frilled lizards
  3 gnoll zombies (Ossuary)
  9 goblins
  2 hobgoblin zombies (Ossuary)
  A jackal skeleton (D:8)
  6 kobolds
  2 kobold zombies (Ossuary)
  A quokka skeleton (D:4)
  8 rats
298 creatures vanquished.

Vanquished Creatures (others)
  2 wolves (IceCv)
  A fungus (D:9)
3 creatures vanquished.

Grand Total: 301 creatures vanquished

Notes
Turn   | Place    | Note
-------+----------+-------------------------------------------
     0 | D:1      | Arthanis the Gargoyle Berserker began the quest for the
                  | Orb.
     0 | D:1      | Reached XP level 1. HP: 14/14 MP: 1/1
   359 | D:1      | Reached XP level 2. HP: 19/19 MP: 2/2
   481 | D:1      | Reached skill level 3 in Axes
   928 | D:2      | Noticed Terence
   937 | D:2      | Killed Terence
   937 | D:2      | Reached XP level 3. HP: 24/24 MP: 3/3
  1010 | D:2      | Reached XP level 4. HP: 29/29 MP: 4/4
  1082 | D:2      | Found an opulent altar of Gozag.
  1083 | D:2      | Found a sparkling altar of Nemelex Xobeh.
  1148 | D:2      | Reached ** piety under Trog
  1985 | D:3      | Reached XP level 5. HP: 33/33 MP: 5/5
  2147 | D:3      | Reached skill level 1 in Shields
  2429 | D:4      | Got a transparent whip
  2456 | D:4      | Found a blossoming altar of Fedhas.
  2456 | D:4      | Found a shattered altar of Ashenzari.
  2461 | D:4      | Noticed an ogre
  2470 | D:4      | Killed an ogre
  2470 | D:4      | Reached skill level 4 in Axes
  2481 | D:5      | Entered Level 5 of the Dungeon
  2489 | D:5      | Reached XP level 6. HP: 18/39 MP: 6/6
  2498 | D:4      | Found a shadowy altar of Dithmenos.
  2498 | D:4      | Found a shimmering blue altar of Sif Muna.
  2498 | D:4      | Found an ornate altar of the Wu Jian Council.
  2498 | D:4      | Found an iron altar of Okawaru.
  2657 | D:4      | Reached *** piety under Trog
  2657 | D:4      | Reached XP level 7. HP: 37/44 MP: 7/7
  2672 | D:4      | Reached skill level 5 in Axes
  2754 | D:4      | Reached skill level 5 in Fighting
  2797 | D:4      | Found a glowing drain.
  2814 | Sewer    | Entered a sewer
  2889 | Sewer    | Noticed Purgy
  2906 | Sewer    | Killed Purgy
  3102 | D:4      | Noticed Blork the orc
  3116 | D:4      | Killed Blork the orc
  3229 | D:4      | Reached XP level 8. HP: 49/49 MP: 8/8
  3496 | D:5      | Reached skill level 6 in Axes
  3496 | D:5      | Reached skill level 5 in Armour
  3757 | D:5      | Found a burning altar of Makhleb.
  4071 | D:6      | Noticed Grinder
  4100 | D:6      | Found Zaanoyxo's Mayhem Merchandise.
  4140 | D:5      | Killed Grinder
  4140 | D:5      | Reached skill level 1 in Evocations
  4576 | D:6      | Reached skill level 7 in Axes
  4576 | D:6      | Reached XP level 9. HP: 56/56 MP: 10/10
  4724 | D:6      | Found a glowing golden altar of the Shining One.
  4959 | D:7      | Found a staircase to the Ecumenical Temple.
  4959 | D:7      | Noticed Duvessa
  4961 | D:7      | Noticed Dowan
  4974 | D:7      | Killed Duvessa
  4982 | D:7      | Killed Dowan
  5012 | D:7      | Noticed Joseph
  5035 | D:7      | Killed Joseph
  5056 | D:7      | Reached **** piety under Trog
  5090 | D:7      | Reached skill level 8 in Axes
  5502 | D:7      | Found a basalt altar of Yredelemnul.
  6167 | D:8      | Reached XP level 10. HP: 63/63 MP: 12/12
  6286 | D:8      | Found a sand-covered staircase.
  6332 | Ossuary  | Entered an ossuary
  6574 | D:8      | Identified the +7 whip "Murmur" {vorpal, *Rage Int+4} (You
                  | found it on level 4 of the Dungeon)
  6733 | D:8      | Noticed Harold
  6755 | D:8      | Killed Harold
  6755 | D:8      | Reached skill level 9 in Axes
  7098 | D:8      | Found a sparkling altar of Nemelex Xobeh.
  7562 | D:9      | Noticed an unseen horror
  7599 | D:9      | Killed an unseen horror
  7685 | D:9      | Reached ***** piety under Trog
  7693 | D:9      | Reached skill level 10 in Axes
  7851 | D:9      | Found Cusair's Gadget Boutique.
  8029 | D:9      | Found a shattered altar of Ashenzari.
  8664 | D:10     | Entered Level 10 of the Dungeon
  8683 | D:10     | Noticed a death yak
  8683 | D:10     | Noticed a death yak
  8683 | D:10     | Noticed a death yak
  8686 | D:10     | Noticed a two-headed ogre
  8691 | D:10     | Reached XP level 11. HP: 71/71 MP: 14/14
  8736 | D:9      | Killed a death yak
  8750 | D:9      | Saw a vision of the Swamp and the Snake Pit.
  8750 | D:9      | Noticed a naga warrior
  8750 | D:9      | Noticed a mana viper
  8750 | D:9      | Noticed an alligator
  8750 | D:9      | Noticed an alligator
  8750 | D:9      | Noticed an alligator
  8750 | D:9      | Noticed an anaconda
  8750 | D:9      | Noticed a naga sharpshooter
  8750 | D:9      | Noticed a naga warrior
  8955 | D:10     | Killed a death yak
  8955 | D:10     | Reached skill level 11 in Axes
  9165 | D:10     | Got a fading hat
  9176 | D:10     | Identified the cursed +0 hat of Dunucsid {rF+} (You found
                  | it on level 10 of the Dungeon)
  9264 | D:10     | Killed a two-headed ogre
  9264 | D:10     | Reached skill level 10 in Fighting
  9374 | D:10     | Noticed Nergalle
  9387 | D:10     | Killed Nergalle
  9408 | D:10     | Found a staircase to the Lair.
  9652 | D:10     | Noticed Snorg
  9676 | D:10     | Killed Snorg
  9720 | D:10     | Received a gift from Trog
  9947 | D:10     | Found a staircase to the Orcish Mines.
 10000 | D:11     | Found a frozen archway.
 10013 | D:11     | Noticed a cyan ugly thing
 10014 | D:11     | Reached skill level 12 in Axes
 10026 | D:11     | Killed a cyan ugly thing
 10077 | IceCv    | Entered an ice cave
 10091 | IceCv    | Reached XP level 12. HP: 69/79 MP: 5/15
 10861 | IceCv    | Reached skill level 13 in Axes
 11242 | IceCv    | Noticed a frost giant
 11256 | IceCv    | Killed from afar by a frost giant

Illustrated notes

Levels and vault maps discovered:
D:1:      psy_arrival_spokes, layout_basic
D:2:      layout_basic, grunt_temple_overflow_opulence, first_ration,
          uniq_terence
D:3:      layout_loops_ring, chequers_mini_garden
D:4:      layout_rooms, nicolae_overflow_hidden_temple,
          gammafunk_temple_overflow_elements, serial_curves, eino_curves_03,
          eino_curves_02, cheibrodos_sewer_entry_bend, chequers_arboretum,
          amethyst_killhole, uniq_blork_the_orc
D:5:      layout_cave_pools, old_standard_altar
D:6:      layout_rooms, tso_metal_star, minmay_shop_mayhem, uniq_grinder
D:7:      layout_gridville, nicolae_overflow_crystal_walls,
          minmay_temple_entry_junction_2, serial_glass, glass_columns_a,
          glass_columns_a, minmay_misc_feat_pillars,
          chequers_serial_rivers_marsh, the_bakery, uniq_joseph, uniq_duvessa
D:8:      layout_basic, nicolae_ossuary_entry_plus, nemelex_dance_club_becter,
          uniq_harold
D:9:      layout_small_grid, serial_shops, shop, minivault_24,
          grunt_ashenzari_visionary [grunt_ashenzari_visionary_swamp,
          grunt_ashenzari_visionary_snake]
D:10:     layout_roguey, dpeg_lair_monsters, david_orc_4, uniq_snorg,
          uniq_nergalle
D:11:     layout_cross, serial_ice, serial_ice_m, serial_ice_c, serial_ice_j,
          serial_ice_o, serial_ice_a, serial_ice_h,
          portal_ice_cave_entry_pillars_1
IceCv:    ice_cave_small_giant

Skill      XL: |  1  2  3  4  5  6  7  8  9 10 11 12 |
---------------+-------------------------------------+-----
Axes           | 3 4 5 7 8 10 12 13 | 13.1
Dodging        | 2 |  2.0
Armour         | 3 4 5 7 8 |  8.0
Fighting       | 4 5 6 7 9 10 11 | 11.5
Shields        | 1 2 3 4 |  4.0
Evocations     | 2 3 4 |  4.1

Action                   |  1- 3 |  4- 6 |  7- 9 | 10-12 || total
-------------------------+-------+-------+-------+-------++-------
Melee: Hand axe          |    63 |   234 |   529 |   498 ||  1324
       Broad axe         |       |       |       |    48 ||    48
Invok: Berserk           |     1 |     3 |    12 |    14 ||    30
       Trog's Hand       |       |     1 |     1 |     5 ||     7
       Brothers in Arms  |       |       |       |     1 ||     1
Evoke: Wand              |       |       |     2 |     3 ||     5
  Use: Scroll            |       |       |       |    11 ||    11
  Eat: Chunk             |     1 |     6 |    18 |    24 ||    49
       Ration            |       |     1 |     2 |     3 ||     6
Armor: Animal skin       |    14 |       |       |       ||    14
       Ring mail         |     3 |   129 |   169 |       ||   301
       Plate armour      |       |       |   126 |   428 ||   554
Dodge: Dodged            |    41 |    62 |   101 |    76 ||   280
Block: Tower shield      |       |   157 |   373 |   435 ||   965
